 Dungeon Crawl Stone Soup version 0.29-a0-973-gac7da5f7f0 (webtiles) character file.

Game seed: 5524616263293798201

17 purpskrrrp the Sneak (level 2, -11/17 HPs)
             Began as an Octopode Enchanter on July 31, 2022.
             Killed from afar by a raiju (19 damage)
             ... with a living lightning
             ... on level 1 of the Abyss.
             The game lasted 00:01:33 (903 turns).

purpskrrrp the Sneak (Octopode Enchanter)            Turns: 903, Time: 00:01:34

Health: -11/17     AC:  1    Str:  7    XL:     2   Next: 62%
Magic:  5/5        EV: 13    Int: 17    God:
Gold:   45         SH:  0    Dex: 12    Spells: 5/5 levels left

rFire   . . .      SeeInvis .   a - +1 dagger
rCold   . . .      Faith    .   (no shield)
rNeg    . . .      Spirit   .   (helmet restricted)
rPois   .          Reflect  .   (no amulet)
rElec   .          Harm     .   (no ring)
rCorr   .          Rampage  .   (no ring)
Will    .....                   (no ring)
Stlth   ++++......              (no ring)
HPRegen 0.05/turn               (no ring)
MPRegen 0.09/turn               (no ring)
                                (no ring)
                                (no ring)

@: invisible
A: almost no armour, amphibious, 8 rings, camouflage 1, gelatinous body 1,
(nimble swimmer 1), tentacles
a: no special abilities


You were on level 1 of the Abyss.
You visited 1 branch of the dungeon, and saw 2 of its levels.
You visited the Abyss 1 time.

You collected 45 gold pieces.

Inventory:

Hand Weapons
 a - a +1 dagger (weapon)
Scrolls
 c - a scroll of noise {unknown}
 e - a scroll of identify {unknown}
 f - a scroll of butterflies {unknown}
Potions
 b - a potion of invisibility
 d - a potion of curing {unknown}


   Skills:
 - Level 1.0 Short Blades
 - Level 2.0 Dodging
 + Level 5.4 Stealth
 - Level 2.0 Spellcasting
 - Level 3.0 Hexes


You had 5 spell levels left.
You didn't know any spells.
Your spell library contained the following spells:

 Spells                   Type           Power      Damage    Failure   Level
 Ensorcelled Hibernation  Hex/Ice        12%        N/A       16%         2
 Confusing Touch          Hex            11%        N/A       17%         3
 Tukima's Dance           Hex            11%        N/A       17%         3
 Dazzling Flash           Conj/Hex       12%        N/A       30%         3


Dungeon Overview and Level Annotations

Branches:
Dungeon (2/15)

Altars:

Annotations:
D:2 Terence


Innate Abilities, Weirdness & Mutations

You cannot wear most types of armour.
You are amphibious.
You can wear up to eight rings at the same time.
Your skin changes colour to match your surroundings (Stealth+).
Your rubbery body absorbs attacks. (AC +1, EV +1)
((You are camouflaged when in or above water. (Stealth+)))
You have tentacles for arms and can constrict up to eight enemies at once.


Message History

No target in view!
There is an open door here.
You now have 45 gold pieces (gained 7).
Terence the Incautious comes into view.
He is wielding a +1 falchion of distortion.
Found an escape hatch in the floor.
Terence shouts!
Terence drinks a potion.
Terence seems to speed up.
You hit Terence. Your grab misses Terence.
Terence is lightly wounded.
Terence hits you with a +1 falchion of distortion.
Space warps around you.
You hit Terence. You grab Terence. You squeeze Terence.
Terence is heavily wounded.
You constrict Terence, but do no damage.
Terence completely misses you.
You hit Terence.
Terence is heavily wounded.
You constrict Terence.
Terence hits you with a +1 falchion of distortion.
You lose your grip on Terence.
You are cast into the Abyss!
This branch contains the abyssal rune of Zot.
There is an empty arch of ancient stone here.
You start resting.
A fire bat comes into view.
The fire bat moves out of view.
You start resting.
A fire bat is nearby!
You fade into invisibility!
A smoke demon comes into view.
A small abomination comes into view.
A raiju comes into view.
A raiju comes into view.
A raiju comes into view.
You hit the lurking horror.
Your body is wracked with pain!
Found a gateway leading out of the Abyss.
The raiju bursts into living lightning!
The living lightning hits you!!
Ouch! That really hurt!
You die...

#.# #.. #.### #...# #
###..# . #...#.## # #
...#..#..###.###.#....
.......x.h....@.......
..................∩...
......................
......................
......................
......................
......##......##......
...... .....#.. ###..#


You could see a raiju and a small abomination (wandering, unable to see you).

Vanquished Creatures
  A ball python (D:2)
  An endoplasm (D:1)
  A giant cockroach (D:1)
  3 goblins
  2 hobgoblins (D:1)
  2 quokkas (D:1)
  3 kobolds (D:1)
  2 rats (D:1)
  A lurking horror (Abyss:1)
16 creatures vanquished.

Notes
Turn   | Place    | Note
-------+----------+-------------------------------------------
     0 | D:1      | purpskrrrp the Octopode Enchanter began the quest for the
                  | Orb.
     0 | D:1      | Reached XP level 1. HP: 11/11 MP: 3/3
   240 | D:1      | Reached XP level 2. HP: 9/17 MP: 5/5
   399 | D:1      | Reached skill level 5 in Stealth
   748 | D:1      | You fall into a shaft and drop 1 floor!
   786 | D:2      | Noticed Terence
   792 | Abyss:1  | Cast into level 1 of the Abyss (Terence)
   864 | Abyss:1  | Noticed a fire bat
   876 | Abyss:1  | Noticed a smoke demon
   884 | Abyss:1  | Noticed a small abomination
   888 | Abyss:1  | Noticed a freezing wraith
   891 | Abyss:1  | Noticed a raiju
   893 | Abyss:1  | Noticed a raiju
   894 | Abyss:1  | Noticed a raiju
   903 | Abyss:1  | Killed from afar by a raiju

Illustrated notes

Levels and vault maps discovered:
D:1:      amcnicky_arrival_wind_blow, layout_loops_ring
D:2:      layout_loops_corners, uniq_terence
Abyss:1:  base:
D:1

Skill      XL: |  1  2 |
---------------+-------+-----
Stealth        | 5 |  5.4
Short Blades   | |  1.0
Dodging        | |  2.0
Spellcasting   | |  2.0
Hexes          | |  3.0

Action                   || total
-------------------------++-------
Melee: Dagger            ||    35
       Constrict         ||     7
       Tentacles         ||     6
       Punch             ||     1
  Use: Potion            ||     1
 Stab: Sleeping          ||     7
Armor: Skin              ||     1
Dodge: Dodged            ||    14

Table legend: (Time is in decaauts)
 A = Elapsed time spent in this place.
 B = Non-inter-level travel time spent in this place.
 C = Inter-level travel time spent in this place.
 D = Time resting spent in this place.
 E = Time spent auto-exploring this place.
 F = Levels seen in this place.
 G = Mean time per level.
                   A        B        C        D        E       F      G
               +--------+--------+--------+--------+--------+-----+--------+
         Total |    900 |    900 |      0 |     71 |    691 |   3 |  300.0 |
       Dungeon |    790 |    790 |      0 |      0 |    691 |   2 |  395.0 |
         Abyss |    110 |    110 |      0 |     71 |      0 |   1 |  110.0 |
               +--------+--------+--------+--------+--------+-----+--------+

Top non-repeatable levels by time:
     D:1: 746 daAuts
 Abyss:1: 110 daAuts
     D:2: 43 daAuts
